Empole, chaotic male elven Ranger #####################################....................................... B ##.........)...........)............)##...................................... ##..#################################..##..................................... #..##...........%%/.#.....(.........##..#..................................... #.##..#############%#.#############..##)#.............................^....... #.#..##.........C...#.............##..#.#..................................... #.#%##..#########################..##.#.#..................................... .#%#.#..## ##^.#...#..................................... #.#.#.## ##.#####..................................... .#...#.# H#.....^..................................... #####.# @ #######..................................... #...#.# C #..................................... #.#)#f## #..................................... #.#)#C.## #..................................... .#.#.##..######################### #..................................... #.#. ##.@...C%%CC...#.............# #..................................... .#.## ############# ############# #..................................... #. #..................................... ## #..................................... #...................................... #....................................... Empole the Reconnoiterer Experience level: 11 Strength: 18 Dexterity: 15 Constitution: 16 Intelligence: 16 Wisdom: 17 Charisma: 8 Health: 0(75) Energy: 77(77) Def: 14 Gold: 76 Moves: 20281 Dungeon seed: oWm0yARaIgDeveyS Game ID: Empole_1616096727 Your Inventory: Coins $ - 76 gold pieces Weapons a - a blessed +2 elven dagger (weapon in hand) b - a blessed +1 elven bow (alternate weapon; not wielded) c - 7 +2 elven arrows d - 5 poisoned +0 elven arrows s - 10 +1 arrows t - 17 cursed +0 arrows J - 52 +0 arrows (in quiver) U - 2 +0 elven arrows Armor e - a blessed +2 elven cloak (being worn) p - an uncursed rusty +0 helmet (being worn) q - an uncursed +0 Hawaiian shirt (being worn) r - a blessed +0 dwarvish mithril-coat (being worn) y - a blessed +2 pair of iron shoes (being worn) Z - an uncursed +0 pair of leather gloves (being worn) Comestibles h - an uncursed lizard corpse l - an uncursed carrot A - an uncursed tripe ration Scrolls E - an uncursed scroll of teleportation Potions L - a cursed potion of restore ability Rings m - an uncursed ring of invisibility x - an uncursed ring of poison resistance (on right hand) Wands g - a wand of teleportation (0:7) v - a wand of sleep (0:0) C - a wand of teleportation (0:2) I - a wand of speed monster (0:3) W - a wand of slow monster (0:2) Y - a wand of lightning (0:1) Tools j - a drum of earthquake (0:4) z - a blessed +0 unicorn horn K - a blessed oil lamp (0:513) N - an uncursed lock pick P - an uncursed tin whistle V - an uncursed sack X - an uncursed towel Gems w - an uncursed flint stone Contents of the sack: 10 +0 arrows 11 poisoned +0 orcish arrows 16 poisoned +0 orcish arrows an uncursed +0 mummy wrapping an uncursed fortune cookie a cursed tripe ration an uncursed scroll of amnesia an uncursed scroll of confuse monster 3 cursed scrolls of light 2 uncursed scrolls of magic mapping 2 uncursed scrolls of teleportation 6 potions of holy water an uncursed potion of object detection a wand of enlightenment (0:11) a wand of undead turning (0:5) an uncursed credit card an uncursed tallow candle (0:200) a cursed tooled horn 19 uncursed wax candles (0:400) an uncursed jasper stone an uncursed jet stone Spells and supernatural/magical abilities: Name Level Category Fail Memory W - pray for help -- divine ? -- Your skills at the end: Fighting Skills Weapon Skills dagger [Basic] bow [Basic] Spellcasting Skills Final Attributes: You were piously aligned. You were sleep resistant. You were poison resistant. You were blinded. You were telepathic. You had automatic searching. You had infravision. You were stealthy. You were fast. You are dead. Vanquished creatures: a ghost a giant mimic a doppelganger a large mimic a stalker a black naga a warg 4 small mimics a xan 2 ettin mummies a gelatinous cube 2 pyrolisks a freezing sphere a dwarf king 2 tengu an ochre jelly a leocrotta a stone giant 2 elf mummies 3 soldiers a chameleon 3 giant beetles a cockatrice 8 winter wolf cubs a panther 13 leprechauns 2 orc-captains 3 giant spiders 2 scorpions 2 ice vortices a vampire bat 15 forest centaurs 2 gnome kings a dwarf mummy 3 yetis a werewolf a lizard 8 hunters a dog a housecat 2 jaguars 3 dwarf lords a white unicorn 2 dust vortices 7 plains centaurs a gnome mummy 3 snakes 6 apes a rope golem 3 soldier ants a wood nymph a water nymph a mountain nymph 12 Mordor orcs 11 Uruk-hai 3 orc shamans 4 rock piercers 2 rock moles 5 ponies 4 fog clouds 4 yellow lights 3 shriekers a violet fungus 14 gnome lords 6 gnomish wizards 4 kobold mummies 3 gray oozes a barrow wight 3 ghouls 3 straw golems 2 paper golems 15 giant ants 3 little dogs 6 floating eyes 5 kittens 19 dwarves a homunculus 2 kobold lords 4 kobold shamans 2 hill orcs 2 rothes 2 rabid rats 2 centipedes 3 giant bats 2 monkeys 2 orc zombies 3 dwarf zombies 3 wererats 4 werejackals 5 iguanas 9 killer bees 4 acid blobs 8 coyotes 3 gas spores 8 hobbits 8 manes a large kobold 4 hobgoblins a cave spider 2 brown molds 5 red molds 58 gnomes 13 garter snakes 3 gnome zombies 8 geckos 5 jackals 4 foxes 7 kobolds 5 goblins 3 sewer rats 10 grid bugs 15 bats 10 lichens 2 kobold zombies 13 newts 510 creatures vanquished. Voluntary challenges: You used a wielded weapon 763 times, starting on turn 4. You read items or engraved 24 times, starting on turn 1533. You never genocided any monsters. You never polymorphed an object. You never changed form. You used no wishes. You never split a pudding. You wrote Elbereth's name 1 time, starting on turn 4478. You never violated your personal moral code. Dungeon overview: The Dungeons of Doom: levels 1 to 12 Level 1 some fountains a long staircase Level 2 an altar to Mars, a sink Level 3 a general store, a fountain Level 4 stairs to The Gnomish Mines Level 5 Level 6 stairs to Sokoban Level 7 Level 8 a fountain Level 9 Level 10 a scroll shop Level 11 Level 12 a fountain portal to The Quest The Gnomish Mines: levels 5 to 12 Level 5 stairs to The Dungeons of Doom Level 6 Level 7 many shops, a temple to Mars, some fountains Level 8 Level 9 Level 10 Level 11 Level 12 The Quest: Level 1 <- You were here many trees portal to The Dungeons of Doom Sokoban: levels 2 to 5 Level 2 Level 3 Level 4 Level 5 stairs to The Dungeons of Doom History has recorded: On T:1 you entered the Dungeons of Doom to retrieve the Amulet of Yendor! On T:242 you advanced to experience level 2. On T:281 you reached level 2 of The Dungeons of Doom. On T:786 you advanced to experience level 3. On T:808 you reached level 3 of The Dungeons of Doom. On T:1243 you advanced to experience level 4. On T:1474 you reached level 4 of The Dungeons of Doom. On T:1575 you reached level 5 of The Dungeons of Doom. On T:1719 you advanced to experience level 5. On T:1798 you reached level 1 of The Gnomish Mines. On T:2489 you advanced to experience level 6. On T:2625 you reached level 2 of The Gnomish Mines. On T:3204 you reached level 3 of The Gnomish Mines. On T:3513 you advanced to experience level 7. On T:4201 you reached level 6 of The Dungeons of Doom. On T:4455 you reached level 4 of Sokoban. On T:4853 you reached level 3 of Sokoban. On T:5636 you reached level 2 of Sokoban. On T:6142 you reached level 1 of Sokoban. On T:6850 you advanced to experience level 8. On T:6961 you reached level 7 of The Dungeons of Doom. On T:7507 you reached level 8 of The Dungeons of Doom. On T:7955 you reached level 9 of The Dungeons of Doom. On T:11015 you reached level 10 of The Dungeons of Doom. On T:11182 you advanced to experience level 9. On T:12294 you reached level 11 of The Dungeons of Doom. On T:14683 you reached level 4 of The Gnomish Mines. On T:14739 you advanced to experience level 10. On T:14909 you advanced to experience level 11. On T:15460 you reached level 5 of The Gnomish Mines. On T:15834 you reached level 6 of The Gnomish Mines. On T:17043 you reached level 7 of The Gnomish Mines. On T:17952 you reached level 8 of The Gnomish Mines. On T:19431 you reached level 12 of The Dungeons of Doom. On T:19623 you reached level 1 of The Quest. Score breakdown: Gold: 76 ( 6417 points) Experience: 11 levels (17616 points) Exploration: 12 levels ( 25.00%) (14513 points) Discoveries: 67 items ( 23.10%) (14419 points) Valuables value: (no points given unless you survive) Artifact value: 0 ( 0 points) Variety of kills: 115 monsters ( 30.18%) (16481 points) Turncount: 20281 turns (-3423 points) Survival: died (score multiplied by 80%) Total score: 52818 Latest messages: The forest centaur swings her bow at Qwerty. The forest centaur hits Qwerty. The forest centaur misses Qwerty. The forest centaur swings her bow at Qwerty. The forest centaur misses Qwerty. The forest centaur hits Qwerty. Qwerty misses the forest centaur. There are a few objects here. Qwerty misses the forest centaur. The plains centaur hits! The plains centaur kicks! The forest centaur zaps a wand of lightning! The bolt of lightning hits the forest centaur! The bolt of lightning hits the plains centaur! The bolt of lightning hits you! Your brass ring turns to dust and vanishes! You are blinded by the flash! You hear some noises. You hear a nearby zap. The bolt of lightning misses the forest centaur. The bolt of lightning hits you! You die... Final status: Goodbye Empole the Ranger, killed by a bolt of lightning... You died in The Quest on dungeon level 1 with 52818 points, and 76 pieces of gold, after 20281 moves. You were level 11 with a maximum of 75 hit points when you died.